 Dungeon Crawl Stone Soup version 0.26-a0-1012-gedcf9b2963 (webtiles) character file.

Game seed: 15781230338959740990

1675 Boiledbread the Magician (level 8, 0/54 HPs)
             Began as a Demonspawn Transmuter on Dec 7, 2020.
             Was an Initiate of Hepliaklqana.
             Succumbed to a worker ant's poison
             ... on level 6 of the Dungeon.
             The game lasted 01:00:45 (10898 turns).

Boiledbread the Magician (Demonspawn Transmuter)   Turns: 10898, Time: 01:00:46

Health: 0/54       AC:  4    Str: 12    XL:     8   Next: 70%
Magic:  3/15       EV: 13    Int: 13    God:    Hepliaklqana [......]
Gold:   249        SH:  0    Dex: 16    Spells: 12/18 levels left

rFire    . . .     SeeInvis +   f - +0 dagger
rCold    . . .     Faith    .   (no shield)
rNeg     . . .     Spirit   +   K - +0 robe
rPois    .         Reflect  .   (helmet currently unavailable)
rElec    .         Harm     .   (no cloak)
rCorr    .         Rampage  .   a - +0 pair of gloves
Will     .....                  (boots currently unavailable)
Stlth    +++.......             H - amulet of regeneration
HPRegen  0.58/turn              c - +6 ring of dexterity
MPRegen  0.14/turn              C - ring of see invisible

@: lethally poisoned (0 -> 0), appendages, slightly contaminated
A: reduced essence, horns 1, talons 2, clumsy 2, dopey 1, low mp 1, magic
shield, sharp scales 1
a: End Transformation, Recall Ancestor, Ancestor Identity, Renounce Religion


You were on level 6 of the Dungeon.
You worshipped Hepliaklqana.
Hepliaklqana was noncommittal.
You had grown temporary talons.
You visited 2 branches of the dungeon, and saw 7 of its levels.

You collected 249 gold pieces.

Inventory:

Hand Weapons
 f - a +0 dagger (weapon)
 g - a +6 vampiric scythe
 o - a +0 short sword
 y - a +0 war axe
 B - a +0 rapier
 G - a +1 vorpal flail
Missiles
 h - 49 bolts
 k - 159 sling bullets
 l - 196 stones
 n - 82 arrows
Armour
 a - a +0 pair of gloves (worn)
 d - a +0 ring mail
 j - a +0 leather armour
 D - a +0 robe
 K - a +0 robe (worn)
Jewellery
 c - a +6 ring of dexterity (left hand)
 e - an uncursed ring of resist corrosion
 t - an uncursed ring of stealth
 v - an uncursed amulet of inaccuracy
 C - a ring of see invisible (right hand)
 H - an amulet of regeneration (around neck)
Wands
 F - a wand of acid (11)
Scrolls
 b - 11 scrolls of identify {unknown}
 i - 2 scrolls of magic mapping {unknown}
 m - 5 scrolls of teleportation {unknown}
 q - a scroll of amnesia {unknown}
 u - a scroll of blinking {unknown}
 x - a scroll of remove curse
 J - a scroll of brand weapon {unknown}
 L - a scroll of immolation
Potions
 p - 6 potions of curing {unknown}
 r - 3 potions of might {unknown}
 s - 2 potions of attraction {unknown}
 w - a potion of flight {unknown}
 z - 3 potions of heal wounds {unknown}
 A - 2 potions of mutation {unknown}
 E - a potion of haste {unknown}
 I - a potion of brilliance {unknown}


   Skills:
 + Level 4.5 Fighting
 - Level 1.5 Short Blades
 - Level 3.1 Dodging
 + Level 3.9 Stealth
 - Level 3.2 Unarmed Combat
 + Level 5.8 Spellcasting
 + Level 5.3 Transmutations


You had 12 spell levels left.
You knew the following spells:

 Your Spells              Type           Power        Failure   Level
a - Beastly Appendage     Tmut           ###...       1%          1
b - Blade Hands           Tmut           ###.......   47%         5

Your spell library contained the following spells:

 Spells                   Type           Power        Failure   Level
 Wereblood                Tmut           ###.....     3%          2
 Spider Form              Tmut/Pois      ##........   17%         3
 Ice Form                 Ice/Tmut       ##......     50%         4


Dungeon Overview and Level Annotations

Branches:
Dungeon (6/15)             Temple (1/1) D:5

Altars:
Ashenzari
Cheibriados
Dithmenos
Elyvilon
Fedhas
Gozag
Hepliaklqana
Kikubaaqudgha
Makhleb
Nemelex Xobeh
Qazlal
Ru
Sif Muna
Trog
Vehumet
Wu Jian
Xom
Yredelemnul
Zin
The Shining One

Annotations:
D:6 Grinder


Innate Abilities, Weirdness & Mutations

When hurt, damage is shared between your health and your magic reserves.
You are partially covered in razor-sharp scales. (AC +1, Slay +1)
Your life essence is reduced to manifest your ancestor. (-10% HP)
You have a pair of small horns on your head.
You have razor-sharp toenails.
You are very clumsy. (Dex -4)
You are dopey. (Int -2)
Your magical capacity is low. (-10% MP)


Message History

Your body shudders with the violent release of wild energies!
You feel clumsy.
You feel less contaminated with magical energies.
* * * LOW HITPOINT WARNING * * *
You feel sick. The worker ant barely misses you.
Something barely misses Titus.
* * * LOW HITPOINT WARNING * * *
You feel sick.
* * * LOW HITPOINT WARNING * * *
You feel sick.
* * * LOW HITPOINT WARNING * * *
You feel sick.
* * * LOW HITPOINT WARNING * * *
You feel sick.
* * * LOW HITPOINT WARNING * * *
You feel sick. The worker ant barely misses you.
* * * LOW HITPOINT WARNING * * *
You feel sick.
* * * LOW HITPOINT WARNING * * *
You feel sick.
You die...

#........##### ##..## #.......
##....>...##.#
#....##.........
##..#....#..###....##.####....
####............#.#. #....
###................ ......
#.......#.......#.# #......
###....##.......#..##.....#
####.##.##.................#
##.#...#....@........ ..
#......##............
#..))..##.B..[.......
#...#...#.#####.....
##.)###.#..## .....
##.###.....# ....
#..........#### ...
##....#.......##...
#.....#...........


You could see a worker ant.

Vanquished Creatures
  Sigmund (D:6)
  Menkaure (D:5)
  2 orc warriors (D:6)
  An ice beast (D:5)
  2 ogres
  A scorpion (D:4)
  3 howler monkeys
  A quasit (D:5)
  A hound (D:5)
  2 centaur skeletons (D:4)
  2 orc priests (D:6)
  2 orc wizards
  A bullfrog skeleton (D:4)
  An iron imp (D:5)
  A gnoll shaman (D:5)
  2 iguanas (D:4)
  2 worker ants (D:4)
  9 gnolls
  A howler monkey skeleton (D:5)
  9 adders
  A white imp (D:5)
  An ooze (D:2)
  An ufetubus (D:6)
  An adder skeleton (D:4)
  3 worms
  5 dart slugs
  7 leopard geckos
  16 orcs
  8 giant cockroaches
  8 goblins
  8 hobgoblins
  14 jackals
  4 quokkas
  4 ball pythons
  13 bats
  5 frilled lizards
  8 kobolds
  7 rats
  A spectral orc (D:5)
160 creatures vanquished.

Vanquished Creatures (collateral kills)
  An ufetubus (D:6)
  A leopard gecko (D:6)
2 creatures vanquished.

Vanquished Creatures (others)
  2 ancestors (D:6)
2 creatures vanquished.

Grand Total: 164 creatures vanquished

Notes
Turn   | Place    | Note
-------+----------+-------------------------------------------
     0 | D:1      | Boiledbread the Demonspawn Transmuter began the quest for
                  | the Orb.
     0 | D:1      | Reached XP level 1. HP: 15/15 MP: 3/3
   868 | D:1      | Gained mutation: You are partially covered in razor-sharp
                  | scales. (AC +1, Slay +1) [demonic ancestry]
   868 | D:1      | Reached XP level 2. HP: 21/21 MP: 3/5
  1639 | D:1      | Reached XP level 3. HP: 17/26 MP: 4/6
  2380 | D:2      | Gained mutation: When hurt, damage is shared between your
                  | health and your magic reserves. [demonic ancestry]
  2380 | D:2      | Reached XP level 4. HP: 20/32 MP: 5/7
  2675 | D:2      | Reached skill level 1 in Short Blades
  2802 | D:2      | Reached skill level 1 in Stealth
  3391 | D:3      | Found a radiant altar of Vehumet.
  3454 | D:3      | Reached XP level 5. HP: 35/37 MP: 6/8
  4396 | D:4      | Found a broken altar of Ashenzari.
  4418 | D:4      | Reached XP level 6. HP: 21/44 MP: 5/10
  6079 | D:4      | Reached XP level 7. HP: 13/51 MP: 5/12
  6811 | D:5      | Entered Level 5 of the Dungeon
  7096 | D:5      | Found a snail-covered altar of Cheibriados.
  7632 | D:5      | HP: 1/52 [iron imp (4)]
  8135 | D:4      | Learned a level 5 spell: Blade Hands
  8806 | D:5      | Found a staircase to the Ecumenical Temple.
  9221 | D:5      | Noticed Menkaure
  9233 | D:5      | Killed Menkaure
  9407 | D:5      | Reached XP level 8. HP: 60/60 MP: 15/15
  9450 | D:5      | Found a basalt altar of Yredelemnul.
  9791 | Temple   | Entered the Ecumenical Temple
 10056 | Temple   | Became a worshipper of Hepliaklqana the Forgotten
 10110 | D:6      | Reached skill level 5 in Spellcasting
 10114 | D:6      | Noticed Sigmund
 10426 | D:5      | Gained mutation: Your magical capacity is low. (-10% MP)
                  | [mutagenic glow]
 10446 | D:5      | Gained mutation: You are dopey. (Int -2) [mutagenic glow]
 10506 | D:6      | Killed Sigmund
 10507 | D:6      | Reached skill level 5 in Transmutations
 10849 | D:6      | Noticed Grinder
 10854 | D:6      | Gained mutation: You are clumsy. (Dex -2) [mutagenic glow]
 10864 | D:6      | Paralysed by Grinder for 3 turns
 10866 | D:6      | Gained mutation: You have a pair of small horns on your
                  | head. [mutagenic glow]
 10872 | D:6      | Paralysed by Grinder for 2 turns
 10887 | D:6      | Gained mutation: You are very clumsy. (Dex -4) [mutagenic
                  | glow]
 10888 | D:6      | HP: 2/54 [poisoned by a worker ant]
 10894 | D:6      | HP: 1/54 [poisoned by a worker ant]
 10898 | D:6      | Succumbed to a worker ant's poison

Illustrated notes

Levels and vault maps discovered:
D:1:      lemuel_arrival_river_ford, layout_basic, minmay_crystal_water,
          minmay_split_cup_small
D:2:      layout_loops_ring, minmay_fractal_squares_5
D:3:      layout_basic, vehumet_crystals
D:4:      layout_loops_ring, lemuel_crystal_altar, lightli_corner_chamber
D:5:      layout_cave_pools, slow_altar_1, yredelemnul_forgotten_temple_becter,
          minmay_temple_entry_sparse_star, nrook_mini_backslash, uniq_menkaure
D:6:      layout_cave_pools, lemuel_coloured_pillars_altar, grunt_decor_clamped,
          uniq_sigmund, uniq_prince_ribbit1, uniq_grinder
Temple:   nicolae_temple_elliptical

Skill      XL: |  1  2  3  4  5  6  7  8 |
---------------+-------------------------+-----
Unarmed Combat | 3 |  3.2
Transmutations | 2 3 4 5 |  5.3
Dodging        | 2 3 |  3.1
Short Blades   | 1 |  1.5
Stealth        | 1 2 3 |  3.9
Spellcasting   | 3 4 5 |  5.8
Fighting       | 2 3 4 |  4.5

Action                   |  1- 3 |  4- 6 |  7- 9 || total
-------------------------+-------+-------+-------++-------
Melee: Unarmed           |    26 |       |    15 ||    41
       Kick              |    19 |    72 |    69 ||   160
       Headbutt          |    10 |    45 |    34 ||    89
       Dagger            |    81 |   253 |   188 ||   522
       Whip              |    17 |       |       ||    17
       Punch             |     5 |     2 |     2 ||     9
 Cast: Beastly Appendage |    21 |    40 |    21 ||    82
       Blade Hands       |       |       |     4 ||     4
  Use: Scroll            |       |       |     4 ||     4
 Stab: Sleeping          |     3 |     1 |     1 ||     5
Armor: Robe              |    31 |    34 |    30 ||    95
Dodge: Dodged            |    69 |   153 |   167 ||   389

Table legend: (Time is in decaauts)
 A = Elapsed time spent in this place.
 B = Non-inter-level travel time spent in this place.
 C = Inter-level travel time spent in this place.
 D = Time resting spent in this place.
 E = Time spent auto-exploring this place.
 F = Levels seen in this place.
 G = Mean time per level.
                   A        B        C        D        E       F      G
               +--------+--------+--------+--------+--------+-----+--------+
         Total |  10882 |  10213 |    669 |   4532 |   4124 |   7 | 1554.6 |
       Dungeon |  10592 |  10079 |    513 |   4532 |   3996 |   6 | 1765.3 |
        Temple |    289 |    133 |    156 |      0 |    128 |   1 |  289.0 |
               +--------+--------+--------+--------+--------+-----+--------+

Top non-repeatable levels by time:
     D:4: 4194 daAuts
     D:1: 2049 daAuts
     D:5: 1604 daAuts
     D:2: 1345 daAuts
     D:3: 941 daAuts
     D:6: 457 daAuts
  Temple: 289 daAuts
